 Dungeon Crawl Stone Soup version 0.25.0-11-g1f837a76a1 (webtiles) character file.

Game seed: 16811888363510516279

117 nikku the Ruffian (level 4, 46/46 HPs)
             Began as a Troll Monk on June 27, 2020.
             Quit the game on level 3 of the Dungeon.
             The game lasted 00:05:12 (1797 turns).

nikku the Ruffian (Troll Monk)                      Turns: 1797, Time: 00:05:13

Health: 46/46      AC:  7    Str: 20    XL:     4   Next: 71%
Magic:  3/3        EV: 10    Int:  6    God:
Gold:   94         SH:  0    Dex: 12    Spells: 3/3 levels left

rFire    . . .     SeeInvis .     - Unarmed
rCold    . . .     Gourm    +   (no shield)
rNeg     . . .     Faith    .   a - +1 robe
rPois    .         Spirit   .   (helmet restricted)
rElec    .         Reflect  .   (no cloak)
rCorr    .         Harm     .   (gloves unavailable)
MR       .....                  (boots unavailable)
Stlth    ++........             (no amulet)
HPRegen  0.55/turn              (no ring)
MPRegen  0.08/turn              (no ring)

@: no status effects
A: large, unfitting armour, claws 3, fast metabolism 3, gourmand, regeneration
1, shaggy fur 1, tough skin 3
a: no special abilities


You were on level 3 of the Dungeon.
You were completely stuffed.

You visited 1 branch of the dungeon, and saw 3 of its levels.

You collected 94 gold pieces.

Inventory:

Missiles
 k - 10 poisoned darts (quivered)
Armour
 a - a +1 robe (worn)
Scrolls
 i - 2 scrolls of remove curse
Potions
 c - a potion of mutation
 e - a potion of might
 f - a potion of resistance
 g - a potion of degeneration {unknown}
 h - 2 potions of flight
 j - 2 potions of haste
 l - a potion of stabbing {unknown}
 p - a potion of brilliance {unknown}
Comestibles
 b - 9 rations
 d - 3 chunks of flesh


   Skills:
 + Level 3.6 Fighting
 - Level 2.4 Dodging
 - Level 1.0 Stealth
 + Level 4.4 Unarmed Combat


You had 3 spell levels left.
You didn't know any spells.
Your spell library was empty.

Dungeon Overview and Level Annotations

Branches:
Dungeon (3/15)

Altars:
Trog


Innate Abilities, Weirdness & Mutations

You are too large for most types of armour.
You have claws for hands.
Your metabolism is lightning-fast.
You like to eat raw meat.
Your natural rate of healing is unusually fast.
You are covered in fur. (AC +1)
You have extremely tough skin. (AC +3)


Message History

The kobold shouts!
You scratch the kobold but do no damage.
The kobold hits you but does no damage.
You scratch the kobold.
The kobold is moderately wounded.
The kobold throws a poisoned dart.
The poisoned dart barely misses you.
The poisoned dart misses the kobold.
The kobold closely misses you.
You closely miss the kobold.
The kobold is moderately wounded.
The kobold throws a poisoned dart.
The poisoned dart barely misses you.
The poisoned dart closely misses the kobold.
You claw the kobold!
You kill the kobold!
Some of the chunks of flesh in your inventory have rotted away.
You see here a stone.
You scratch the kobold.
You kill the kobold!
No target in view!
No target in view!
Are you sure you want to abandon this character and quit the game? (Confirm with "yes".)

### .[..#
#############...>..
...(...............
.............##..#
###......#.#.##..# # #
#..............#.# #
#....#.###.###/#.#####
#
#....#(รท)....(@.......
#......#####.#(##.###.
####........##.#.#
...##.......##.#(.....#
....#.##.##.##(####.#.#
...............### #
...##.#...#.##...#
...##.#.#........###
#####..............#


There were no monsters in sight!

Vanquished Creatures
  4 gnolls (D:3)
  2 adders (D:2)
  2 worms
  6 orcs (D:3)
  2 ball pythons (D:2)
  2 giant cockroaches
  3 goblins
  2 hobgoblins (D:2)
  3 jackals (D:2)
  A quokka (D:3)
  7 bats
  4 frilled lizards
  10 kobolds
  7 rats
55 creatures vanquished.

Notes
Turn   | Place    | Note
-------+----------+-------------------------------------------
     0 | D:1      | nikku the Troll Monk began the quest for the Orb.
     0 | D:1      | Reached XP level 1. HP: 22/22 MP: 0/0
     6 | D:1      | Noticed a crocodile
     6 | D:1      | Noticed a swamp worm
     6 | D:1      | Noticed a rime drake
     7 | D:1      | Noticed a polar bear
     7 | D:1      | Noticed a hog
   118 | D:1      | Reached XP level 2. HP: 28/29 MP: 1/1
   570 | D:2      | Found a bloodstained altar of Trog.
   601 | D:2      | Reached XP level 3. HP: 33/37 MP: 2/2
  1389 | D:3      | Reached skill level 4 in Unarmed Combat
  1419 | D:3      | Reached XP level 4. HP: 38/45 MP: 3/3
  1797 | D:3      | Quit the game

Illustrated notes

Levels and vault maps discovered:
D:1:      onia_arrival_zoo_common, layout_rooms
D:2:      layout_basic, bloody_trog
D:3:      layout_loops_cross, lemuel_coloured_pillars_altar, first_ration,
          chequers_mini_garden

Skill      XL: |  1  2  3 |
---------------+----------+-----
Fighting       | 3 |  3.6
Unarmed Combat | 4 |  4.4
Dodging        | |  2.4
Stealth        | |  1.0

Action                   |  1- 3 |  4- 6 || total
-------------------------+-------+-------++-------
Melee: Unarmed           |    91 |    36 ||   127
       Punch             |       |     1 ||     1
  Use: Scroll            |    12 |       ||    12
 Stab: Sleeping          |     4 |       ||     4
  Eat: Chunk             |    18 |     4 ||    22
Armor: Robe              |    32 |    21 ||    53
Dodge: Dodged            |    44 |    19 ||    63
